TOP OF THE 1ST |
Connecticut Huskies batting - Pitching for Iowa State Cyclones : RHP José Salinas
|
Pitching: RHP José Salinas
|
|
Batting: RHB Jeff Manley
|
0-0: Foul Ball, location: 2F 0-1: SINGLE (Line Drive, 8RS)
|
Batting: RHB Blair Whitehead
|
0-0: Ball 1-0: Foul Ball, location: 2F 1-1: Ball 2-1: SINGLE (Groundball, 6) Jeff Manley to second
|
Batting: SHB Juan Román
|
0-0: Called Strike 0-1: Ball 1-1: Fly out, F7 (Flyball, 7M)
|
Batting: LHB Chance Santry
|
0-0: Called Strike Jeff Manley steals 3rd base Blair Whitehead to second 0-1: Ball 1-1: Ball 2-1: Fly out, F7 (Flyball, 78M) Runner from 3rd tags up, SCORES, no throw
|
Batting: RHB Ric Henley
|
0-0: Ball 1-0: Foul Ball, location: 2F 1-1: Ball 2-1: Called Strike 2-2: Ball 3-2: Foul Ball, location: 2F 3-2: Foul Ball, location: 2F 3-2: Base on Balls
|
Batting: RHB Rob Schmidt
|
0-0: Called Strike 0-1: Ball 1-1: Foul Ball, location: 2F 1-2: Strikes out looking
|
Top of the 1st over - 1 run(s), 2 hit(s), 0 error(s), 2 left on base; Connecticut 1 - Iowa State 0 |
BOTTOM OF THE 1ST |
Iowa State Cyclones batting - Pitching for Connecticut Huskies : RHP Chris Chamberlain
|
Pitching: RHP Chris Chamberlain
|
|
Batting: RHB Dan Morrison
|
0-0: Called Strike 0-1: Foul Ball, location: 2F 0-2: Ball 1-2: Fly out, F7 (Flyball, 7LD)
|
Batting: LHB Jerry Trent
|
0-0: Bunted foul 0-1: Swinging Strike 0-2: Ball 1-2: Ball 2-2: Strikes out swinging
|
Batting: SHB Sean Taylor
|
0-0: DOUBLE (Line Drive, 9LM)
|
Batting: SHB Jon Emery
|
0-0: Ball 1-0: Called Strike 1-1: Ball 2-1: Swinging Strike 2-2: Ball 3-2: Strikes out looking
|
Bottom of the 1st over - 0 run(s), 1 hit(s), 0 error(s), 1 left on base; Connecticut 1 - Iowa State 0 |
TOP OF THE 2ND |
Connecticut Huskies batting - Pitching for Iowa State Cyclones : RHP José Salinas
|
Batting: LHB Michael Myers
|
0-0: Ball 1-0: Foul Ball, location: 2F 1-1: Foul Ball, location: 2F 1-2: Strikes out swinging
|
Batting: RHB Alberto Peña
|
0-0: Bunt for hit - play at first, batter OUT! 1-3
|
Batting: RHB Carlos Marino
|
0-0: Ball 1-0: Ball 2-0: Foul Ball, location: 2F 2-1: Foul Ball, location: 2F 2-2: Foul Ball, location: 2F 2-2: Foul Ball, location: 2F 2-2: Strikes out swinging
|
Top of the 2nd over - 0 run(s), 0 hit(s), 0 error(s), 0 left on base; Connecticut 1 - Iowa State 0 |
BOTTOM OF THE 2ND |
Iowa State Cyclones batting - Pitching for Connecticut Huskies : RHP Chris Chamberlain
|
Batting: LHB Ramiro Muñóz
|
0-0: Called Strike 0-1: Ball 1-1: Ball 2-1: Ball 3-1: Foul Ball, location: 2F 3-2: Strikes out looking
|
Batting: RHB Tom Cline
|
0-0: Ball 1-0: Called Strike 1-1: Swinging Strike 1-2: Foul Ball, location: 2F 1-2: Ball 2-2: Foul Ball, location: 2F 2-2: Foul Ball, location: 2F 2-2: Ball 3-2: Fly out, F8 (Flyball, 8RM)
|
Batting: LHB Sean White
|
0-0: Called Strike 0-1: Fly out, F9 (Flyball, 9M)
|
Bottom of the 2nd over - 0 run(s), 0 hit(s), 0 error(s), 0 left on base; Connecticut 1 - Iowa State 0 |
TOP OF THE 3RD |
Connecticut Huskies batting - Pitching for Iowa State Cyclones : RHP José Salinas
|
Batting: RHB Jeff Manley
|
0-0: Ball 1-0: Ball 2-0: Ball 3-0: Called Strike 3-1: Foul Ball, location: 2F 3-2: Strikes out looking
|
Batting: RHB Blair Whitehead
|
0-0: Ball 1-0: Foul Ball, location: 2F 1-1: Ball 2-1: Swinging Strike 2-2: Strikes out swinging
|
Batting: SHB Juan Román
|
0-0: Ball 1-0: Ground out 1-3 (Groundball, 13)
|
Top of the 3rd over - 0 run(s), 0 hit(s), 0 error(s), 0 left on base; Connecticut 1 - Iowa State 0 |
BOTTOM OF THE 3RD |
Iowa State Cyclones batting - Pitching for Connecticut Huskies : RHP Chris Chamberlain
|
Batting: RHB Michael Godfrey
|
0-0: Fly out, F7 (Line Drive, 78M)
|
Batting: SHB Rickey Gray
|
0-0: Called Strike 0-1: Swinging Strike 0-2: Ball 1-2: Ball 2-2: Strikes out swinging
|
Batting: RHB Dan Morrison
|
0-0: Bunt for hit - play at first, batter OUT! 1-3
|
Bottom of the 3rd over - 0 run(s), 0 hit(s), 0 error(s), 0 left on base; Connecticut 1 - Iowa State 0 |
TOP OF THE 4TH |
Connecticut Huskies batting - Pitching for Iowa State Cyclones : RHP José Salinas
|
Batting: LHB Chance Santry
|
0-0: Ball 1-0: Swinging Strike 1-1: Fly out, F6 (Popup, 6D)
|
Batting: RHB Ric Henley
|
0-0: Fly out, F8 (Flyball, 8LD)
|
Batting: RHB Rob Schmidt
|
0-0: Foul Ball, location: 2F 0-1: Called Strike 0-2: Ball 1-2: Ground out 6-3 (Groundball, 6)
|
Top of the 4th over - 0 run(s), 0 hit(s), 0 error(s), 0 left on base; Connecticut 1 - Iowa State 0 |
BOTTOM OF THE 4TH |
Iowa State Cyclones batting - Pitching for Connecticut Huskies : RHP Chris Chamberlain
|
Batting: LHB Jerry Trent
|
0-0: Called Strike 0-1: Swinging Strike 0-2: Ball 1-2: Foul Ball, location: 2F 1-2: Foul Ball, location: 2F 1-2: Ball 2-2: Strikes out swinging
|
Batting: SHB Sean Taylor
|
0-0: Ball 1-0: Ball 2-0: Swinging Strike 2-1: Foul Ball, location: 2F 2-2: Strikes out swinging
|
Batting: SHB Jon Emery
|
0-0: Foul Ball, location: 2F 0-1: Swinging Strike 0-2: Fly out, F9 (Line Drive, 9M)
|
Bottom of the 4th over - 0 run(s), 0 hit(s), 0 error(s), 0 left on base; Connecticut 1 - Iowa State 0 |
TOP OF THE 5TH |
Connecticut Huskies batting - Pitching for Iowa State Cyclones : RHP José Salinas
|
Batting: LHB Michael Myers
|
0-0: Called Strike 0-1: Swinging Strike 0-2: Ground out 5-3 (Groundball, 5S)
|
Batting: RHB Alberto Peña
|
0-0: Ball 1-0: Foul Ball, location: 2F 1-1: Ball 2-1: Called Strike 2-2: Ball 3-2: Foul Ball, location: 2F 3-2: Strikes out swinging
|
Batting: RHB Carlos Marino
|
0-0: Called Strike 0-1: Ball 1-1: SINGLE (Flyball, 89S)
|
Batting: RHB Jeff Manley
|
0-0: Ball 1-0: Foul Ball, location: 2F 1-1: Ball 2-1: Called Strike 2-2: Ball 3-2: Strikes out looking
|
Top of the 5th over - 0 run(s), 1 hit(s), 0 error(s), 1 left on base; Connecticut 1 - Iowa State 0 |
BOTTOM OF THE 5TH |
Iowa State Cyclones batting - Pitching for Connecticut Huskies : RHP Chris Chamberlain
|
Batting: LHB Ramiro Muñóz
|
0-0: Ball 1-0: Ball 2-0: Called Strike 2-1: Swinging Strike 2-2: Foul Ball, location: 2F 2-2: Strikes out swinging
|
Batting: RHB Tom Cline
|
0-0: Ball 1-0: Foul Ball, location: 2F 1-1: Ball 2-1: Ball 3-1: Called Strike 3-2: Base on Balls
|
Batting: LHB Sean White
|
0-0: Ball 1-0: Called Strike 1-1: Called Strike Tom Cline steals 2nd base 1-2: Foul Ball, location: 2F 1-2: Ball Passed Ball! Tom Cline to third 2-2: Foul Ball, location: 2F 2-2: Ball 3-2: Base on Balls
|
Batting: RHB Michael Godfrey
|
0-0: Ball 1-0: Ball 2-0: SINGLE (Line Drive, 78S) Tom Cline scores Sean White to second
|
Batting: SHB Rickey Gray
|
0-0: Fly out, F5 (Popup, 5F)
|
Batting: RHB Dan Morrison
|
0-0: Fly out, F9 (Flyball, 9M)
|
Bottom of the 5th over - 1 run(s), 1 hit(s), 0 error(s), 2 left on base; Connecticut 1 - Iowa State 1 |
TOP OF THE 6TH |
Connecticut Huskies batting - Pitching for Iowa State Cyclones : RHP José Salinas
|
Batting: RHB Blair Whitehead
|
0-0: Called Strike 0-1: Foul Ball, location: 2F 0-2: Ball 1-2: Ball 2-2: Ball 3-2: Base on Balls
|
Pitching: LHP Sergio Román
|
|
Batting: SHB Juan Román
|
0-0: Called Strike 0-1: Foul Ball, location: 2F 0-2: Ball 1-2: Ball 2-2: Foul Ball, location: 2F 2-2: Strikes out looking
|
Batting: LHB Chance Santry
|
0-0: Called Strike 0-1: Foul Ball, location: 2F 0-2: Ball 1-2: Ball 2-2: Ball 3-2: Foul Ball, location: 2F 3-2: SINGLE (Line Drive, 4D) Blair Whitehead to second
|
Batting: RHB Ric Henley
|
0-0: Ball 1-0: Ball 2-0: Ball 3-0: Called Strike 3-1: Called Strike 3-2: Base on Balls Blair Whitehead to third Chance Santry to second
|
Batting: RHB Rob Schmidt
|
0-0: Called Strike 0-1: Ball 1-1: Ball 2-1: Fly out, F8 (Line Drive, 8RM) Runner from 3rd tags up, SCORES, throw made
|
Batting: LHB Michael Myers
|
0-0: Swinging Strike 0-1: Ball 1-1: Called Strike 1-2: Strikes out swinging
|
Top of the 6th over - 1 run(s), 1 hit(s), 0 error(s), 2 left on base; Connecticut 2 - Iowa State 1 |
BOTTOM OF THE 6TH |
Iowa State Cyclones batting - Pitching for Connecticut Huskies : RHP Chris Chamberlain
|
Pitching: LHP Edgar Tillman
|
|
Batting: LHB Jerry Trent
|
0-0: Called Strike 0-1: Swinging Strike 0-2: SOLO HOME RUN (Flyball, 89XD), Distance : 376 ft
|
Batting: SHB Sean Taylor
|
0-0: Ball 1-0: Ball 2-0: Ball 3-0: Base on Balls
|
Batting: SHB Jon Emery
|
0-0: Ball 1-0: Ball 2-0: Ball 3-0: Called Strike 3-1: Foul Ball, location: 2F 3-2: SINGLE (Groundball, 6MD) Sean Taylor to second
|
Batting: LHB Ramiro Muñóz
|
0-0: Fly out, F7 (Flyball, 7M)
|
Batting: RHB Tom Cline
|
0-0: Fly out, F8 (Flyball, 8RM)
|
Batting: LHB Sean White
|
0-0: Ball 1-0: Swinging Strike 1-1: Foul Ball, location: 2F 1-2: Ball 2-2: Strikes out swinging
|
Bottom of the 6th over - 1 run(s), 2 hit(s), 0 error(s), 2 left on base; Connecticut 2 - Iowa State 2 |
TOP OF THE 7TH |
Connecticut Huskies batting - Pitching for Iowa State Cyclones : LHP Sergio Román
|
Batting: RHB Alberto Peña
|
0-0: Ball 1-0: Foul Ball, location: 2F 1-1: Ball 2-1: Ground out 4-3 (Groundball, 4)
|
Pinch Hitting: RHB Gordon Brown
|
0-0: Ground out 6-3 (Groundball, 6)
|
Batting: RHB Jeff Manley
|
0-0: Ball 1-0: Foul Ball, location: 2F 1-1: Ground out 1-3 (Groundball, 15S)
|
Top of the 7th over - 0 run(s), 0 hit(s), 0 error(s), 0 left on base; Connecticut 2 - Iowa State 2 |
BOTTOM OF THE 7TH |
Iowa State Cyclones batting - Pitching for Connecticut Huskies : LHP Edgar Tillman
|
Now at SS: Gordon Brown
|
|
Batting: RHB Michael Godfrey
|
0-0: Foul Ball, location: 2F 0-1: Hit by Pitch
|
Batting: SHB Rickey Gray
|
0-0: Sac Bunt - play at first, batter safe! Michael Godfrey to second
|
Batting: RHB Dan Morrison
|
0-0: Ball 1-0: Called Strike 1-1: Ball 2-1: Sac Bunt - play at first, batter OUT! 1-4 Michael Godfrey to third Rickey Gray to second
|
Batting: LHB Jerry Trent
|
0-0: Ball 1-0: Ball 2-0: Ball 3-0: Called Strike 3-1: SINGLE (Flyball, 89S) Michael Godfrey scores Rickey Gray to third
|
Batting: SHB Sean Taylor
|
0-0: Called Strike 0-1: Foul Ball, location: 2F 0-2: Ball 1-2: Strikes out swinging
|
Batting: SHB Jon Emery
|
0-0: Foul Ball, location: 2F 0-1: Fly out, F9 (Line Drive, 89M)
|
Bottom of the 7th over - 1 run(s), 2 hit(s), 0 error(s), 2 left on base; Connecticut 2 - Iowa State 3 |
TOP OF THE 8TH |
Connecticut Huskies batting - Pitching for Iowa State Cyclones : LHP Sergio Román
|
Pitching: RHP Fernando Cruz
|
|
Now at 2B: Marvin Reynolds
|
|
Batting: RHB Blair Whitehead
|
0-0: Fly out, F3 (Popup, 3DF)
|
Pitching: LHP Bruce Cunningham
|
|
Batting: SHB Juan Román
|
0-0: Fly out, F9 (Flyball, 9S)
|
Batting: LHB Chance Santry
|
0-0: Ball 1-0: Ball 2-0: Called Strike 2-1: Ball 3-1: Base on Balls
|
Pitching: LHP Nick Bryant
|
|
Batting: RHB Ric Henley
|
0-0: Ball 1-0: Foul Ball, location: 2F 1-1: Ball 2-1: Fly out, F7 (Flyball, 7S)
|
Top of the 8th over - 0 run(s), 0 hit(s), 0 error(s), 1 left on base; Connecticut 2 - Iowa State 3 |
BOTTOM OF THE 8TH |
Iowa State Cyclones batting - Pitching for Connecticut Huskies : LHP Edgar Tillman
|
Batting: LHB Ramiro Muñóz
|
0-0: Fly out, F8 (Flyball, 8LM)
|
Pitching: RHP Derek Barber
|
|
Batting: RHB Tom Cline
|
0-0: Ball 1-0: Called Strike 1-1: Ball 2-1: Called Strike 2-2: Foul Ball, location: 2F 2-2: Ground out 6-3 (Groundball, 6)
|
Batting: LHB Sean White
|
0-0: Ball 1-0: Ball 2-0: Foul Ball, location: 2F 2-1: Ball 3-1: Called Strike 3-2: Base on Balls
|
Pinch Hitting: RHB Luke Cater
|
0-0: Ball 1-0: Ground out 5-3 (Groundball, 5S)
|
Bottom of the 8th over - 0 run(s), 0 hit(s), 0 error(s), 1 left on base; Connecticut 2 - Iowa State 3 |
TOP OF THE 9TH |
Connecticut Huskies batting - Pitching for Iowa State Cyclones : LHP Nick Bryant
|
Pitching: RHP Manuel Trevino
|
|
Now at SS: Justin Anthony
|
|
Batting: RHB Rob Schmidt
|
0-0: Ball 1-0: Ball 2-0: Fly out, F5 (Line Drive, 5L)
|
Batting: LHB Michael Myers
|
0-0: Called Strike 0-1: Fly out, F7 (Flyball, 78M)
|
Pinch Hitting: RHB Michael Skinner
|
0-0: Ball 1-0: Ball 2-0: Ball 3-0: Called Strike 3-1: Base on Balls
|
Batting: RHB Gordon Brown
|
0-0: Foul Ball, location: 2F 0-1: Foul Ball, location: 2F 0-2: Foul Ball, location: 2F 0-2: Foul Ball, location: 2F 0-2: Ball 1-2: Fly out, F8 (Flyball, 78M)
|
Top of the 9th over - 0 run(s), 0 hit(s), 0 error(s), 1 left on base; Connecticut 2 - Iowa State 3 |
|